 Dungeon Crawl Stone Soup version 0.26-a0-249-g7253cd193c (webtiles) character file.

Game seed: 13931282051756716961

29 Esekla the Grave Robber (level 3, 0/25 HPs)
             Began as a Formicid Necromancer on July 8, 2020.
             Slain by a shadow imp (3 damage)
             ... on level 2 of the Dungeon.
             The game lasted 00:09:23 (1586 turns).

Esekla the Grave Robber (Formicid Necromancer)      Turns: 1586, Time: 00:09:23

Health: 0/25       AC:  2    Str: 12    XL:     3   Next: 32%
Magic:  7/7        EV: 12    Int: 15    God:
Gold:   30         SH:  0    Dex: 11    Spells: 3/7 levels left

rFire    . . .     SeeInvis +   b - +0 short sword
rCold    . . .     Faith    .   (no shield)
rNeg     . . .     Spirit   .   a - +0 robe
rPois    .         Reflect  .   (helmet unavailable)
rElec    .         Harm     .   (no cloak)
rCorr    .                      (no gloves)
MR       .....                  (no boots)
Stlth    ++........             (no amulet)
HPRegen  0.08/turn              (no ring)
MPRegen  0.10/turn              (no ring)

@: no status effects
A: permanent stasis, dig shafts and tunnels, four strong arms, antennae 3
a: Dig, Shaft Self


You were on level 2 of the Dungeon.
You were not hungry.

You visited 1 branch of the dungeon, and saw 2 of its levels.

You collected 30 gold pieces.

Inventory:

Hand Weapons
 b - a +0 short sword (weapon)
 g - a +0 spear
Missiles
 d - 7 boomerangs (quivered)
Armour
 a - a +0 robe (worn)
Wands
 i - a wand of clouds (7)
Scrolls
 e - a scroll of fear {unknown}
 j - a scroll of blinking {unknown}
 k - 2 scrolls of teleportation {unknown}
Potions
 f - a potion of degeneration {unknown}
 h - a potion of curing {unknown}
Comestibles
 c - 3 rations


   Skills:
 * Level 0.8 Fighting
 + Level 2.0 Dodging
 + Level 2.7 Stealth
 * Level 2.7 Spellcasting
 + Level 4.3 Necromancy


You had 3 spell levels left.
You knew the following spells:

 Your Spells              Type           Power        Failure   Level
a - Pain                  Necr           ###.         3%          1
d - Vampiric Draining     Necr           ###.......   11%         3

Your spell library contained the following spells:

 Spells                   Type           Power        Failure   Level
 Animate Skeleton         Necr           ###...       3%          1
 Animate Dead             Necr           ###.......   34%         4
 Agony                    Necr           ###.....     67%         5


Dungeon Overview and Level Annotations

Branches:
Dungeon (2/15)

Altars:


Innate Abilities, Weirdness & Mutations

You cannot be hasted, slowed, berserked, paralysed or teleported.
You can dig through walls and to a lower floor.
Your four strong arms can wield two-handed weapons with a shield.
You have a pair of large antennae on your head. (SInv)


Message History

The shadow imp hits you.
You hit the shadow imp but do no damage.
The shadow imp is heavily wounded.
The shadow imp barely misses you.
You barely miss the shadow imp.
The shadow imp is heavily wounded.
The shadow imp hits you.
You hit the shadow imp.
The shadow imp is severely wounded.
The shadow imp hits you.
The shadow imp hits you but does no damage.
You closely miss the shadow imp.
The shadow imp is severely wounded.
The shadow imp gestures at you. Pain shoots through your body!
* * * LOW HITPOINT WARNING * * *
You barely miss the shadow imp.
The shadow imp is heavily wounded.
The shadow imp hits you.
You die...

#.#######
........#
#.#### {.>
#..@.## #(
#.##5.# #.
♣♣♣♣♣♣♣.# #.
♣♣.P♣♣♣..#
#.#♣...P♣.♣##
#..♣.♣..♣.♣
#...P♣.♣.♣♣
#.###.{♣♣♣♣♣♣♣
#............#


You could see a shadow imp.

Vanquished Creatures
  A ball python (D:1)
  2 giant cockroaches (D:1)
  8 hobgoblins
  3 kobolds
  A bat (D:2)
  2 frilled lizards
  6 goblins
23 creatures vanquished.

Notes
Turn   | Place    | Note
-------+----------+-------------------------------------------
     0 | D:1      | Esekla the Formicid Necromancer began the quest for the
                  | Orb.
     0 | D:1      | Reached XP level 1. HP: 13/13 MP: 3/3
   189 | D:1      | Reached XP level 2. HP: 16/19 MP: 1/5
   897 | D:1      | Reached XP level 3. HP: 18/25 MP: 2/6
   902 | D:1      | Learned a level 3 spell: Vampiric Draining
  1586 | D:2      | Slain by a shadow imp

Illustrated notes

Levels and vault maps discovered:
D:1:      sevenhm_arrival_forest_fort_small_3, layout_rooms, chequers_big_river,
          serial_bayou_ford_a
D:2:      layout_loops_ring, serial_forest, infiniplex_forest_join,
          infiniplex_forest_lined_3, infiniplex_forest_zigzag_2,
          infiniplex_forest_corner_2, infiniplex_forest_diagonal,
          infiniplex_forest_3_way, infiniplex_forest_clump_double,
          infiniplex_forest_lined_room_2, infiniplex_forest_straight_4,
          kennysheep_generic_room_14

Skill      XL: |  1  2  3 |
---------------+----------+-----
Dodging        | 2 |  2.0
Fighting       | |  0.8
Stealth        | |  2.7
Spellcasting   | |  2.7
Necromancy     | |  4.3

Action                   || total
-------------------------++-------
Melee: Short sword       ||    48
Throw: Boomerang         ||     2
 Cast: Pain              ||    27
       Vampiric Draining ||     3
  Eat: Ration            ||     1
Armor: Robe              ||    11
Dodge: Dodged            ||    30

Table legend:
 A = Non-vault XP
 B = Vault XP
 C = Vault XP percentage of total XP
 D = Non-vault monster count
 E = Vault monster count
 F = Vault count percentage of total count
                 A         B        C        D         E       F
            +---------+---------+-------+---------+---------+-------
      Total |      42 |       0 |   0.0 |      23 |       0 |   0.0
            +---------+---------+-------+---------+---------+-------
        D:1 |      32 |       0 |   0.0 |      17 |       0 |   0.0
        D:2 |      10 |       0 |   0.0 |       6 |       0 |   0.0
            +---------+---------+-------+---------+---------+-------
